 Dungeon Crawl Stone Soup version 0.29.0-11-gd7f09526c8 (webtiles) character file.

Game seed: 3875183420463564524

1855 bwicke the Jinx (level 9, -4/47 HPs)
             Began as a Kobold Arcane Marksman on Sept 6, 2022.
             Was an Initiate of Okawaru.
             Killed by divine providence
             ... invoked by an orc priest
              (16 damage)
             ... on level 6 of the Dungeon.
             The game lasted 00:21:45 (7257 turns).

bwicke the Jinx (Kobold Arcane Marksman)            Turns: 7257, Time: 00:21:45

Health: -4/47      AC:  5    Str:  7    XL:     9   Next: 34%
Magic:  2/10       EV: 15    Int: 16    God:    Okawaru [......]
Gold:   262        SH:  0    Dex: 24    Spells: 3/10 levels left

rFire   + . .      SeeInvis .   C - +9 scimitar of Punishment {speed, rCorr}
rCold   . . .      Faith    .   (no shield)
rNeg    . . .      Spirit   .   c - +0 robe
rPois   .          Reflect  .   (no helmet)
rElec   .          Harm     .   E - +0 cloak
rCorr   +          Rampage  .   D - +0 pair of gloves
Will    .....                   H - +0 pair of boots
Stlth   +++.......              x - amulet of the acrobat
HPRegen 0.15/turn               w - ring of protection from fire
MPRegen 0.12/turn               o - +6 ring of dexterity

@: no status effects
A: small, no large weapons, nightstalker 3
a: Renounce Religion


You were on level 6 of the Dungeon.
You worshipped Okawaru.
Okawaru was noncommittal.
You visited 1 branch of the dungeon, and saw 6 of its levels.

You collected 302 gold pieces.
You spent 40 gold pieces at shops.

Inventory:

Hand Weapons
 a - a +1 sling
 b - a +1 whip of flaming
 k - a +2 vampiric dagger
 A - the +10 mace "Bolueq" {freeze, rElec Stlth+}
   (You found it on level 4 of the Dungeon)

   It freezes those it strikes, dealing additional cold damage.
   It can also slow down cold-blooded creatures.
   rElec:     It insulates you from electricity.
   Stlth:     It makes you more stealthy.
 C - the +9 scimitar of Punishment (weapon) {speed, rCorr}
   (You found it on level 4 of the Dungeon)

   Attacks with this weapon are significantly faster.
   rCorr:     It protects you from acid and corrosion.
 I - a +0 spear
 M - a +0 rapier
Missiles
 d - 46 stones
 j - 2 throwing nets
 n - 8 poisoned darts
 s - 2 atropa-tipped darts
Armour
 c - a +0 robe (worn)
 e - a +0 kite shield
 l - a +0 ring mail
 t - a +2 buckler
 D - a +0 pair of gloves (worn)
 E - a +0 cloak (worn)
 H - a +0 pair of boots (worn)
Magical Staves
 B - a staff of air
Jewellery
 i - a +6 ring of strength
 o - a +6 ring of dexterity (right hand)
 w - a ring of protection from fire (left hand)
 x - an amulet of the acrobat (around neck)
 F - a +6 ring of strength
 G - an amulet of reflection
Wands
 v - a wand of roots (4)
 K - a wand of polymorph (13)
Scrolls
 q - 2 scrolls of blinking
 u - a scroll of immolation
Potions
 f - a potion of mutation {unknown}
 g - a potion of degeneration {unknown}
 h - 2 potions of berserk rage
 m - a potion of cancellation
 p - a potion of invisibility {unknown}
 r - 2 potions of might
 z - a potion of curing
 J - 2 potions of flight {unknown}
 L - 2 potions of heal wounds


   Skills:
 - Level 1.1 Fighting
 - Level 7.3 Ranged Weapons
 - Level 2.4 Dodging
 - Level 1.1 Spellcasting
 - Level 8.4 Hexes
 - Level 4.2 Translocations
 - Level 4.2 Fire Magic
 + Level 1.8 Earth Magic


You had 3 spell levels left.
You knew the following spells:

 Your Spells              Type           Power      Damage    Failure   Level
a - Slow                  Hex            100%       N/A       1%          1
b - Inner Flame           Hex/Fire       21%        N/A       4%          3
c - Portal Projectile     Hex/Tloc       42%        N/A       4%          3

Your spell library contained the following spells:

 Spells                   Type           Power      Damage    Failure   Level
 Sting                    Tmut/Pois      0%         1d3       22%         1
 Poisonous Vapours        Pois/Air       0%         N/A       34%         2
 Stone Arrow              Conj/Erth      6%         3d7       43%         3
 Cause Fear               Hex            13%        N/A       7%          4
 Leda's Liquefaction      Hex/Erth       8%         N/A       28%         4
 Olgreb's Toxic Radiance  Pois           0%         N/A       92%         4
 Lehudib's Crystal Spear  Conj/Erth      1%         10d2      100%        8
 Call Canine Familiar     Summ           Unusable   N/A       N/A         3
 Animate Armour           Summ/Erth      Unusable   N/A       N/A         4

Dungeon Overview and Level Annotations

Branches:
Dungeon (6/15)
 Temple: D:4-7

Altars:
Hepliaklqana
Nemelex Xobeh
Okawaru
Qazlal
Sif Muna
Vehumet

Shops:
D:3 !   D:4 =


Innate Abilities, Weirdness & Mutations

You are small and have problems with some larger weapons.
You are completely attuned to the shadows.


Message History

The water moccasin misses you.
You feel sick.
A phantom comes into view.
Okay, then.
You feel better.
The water moccasin closely misses you. x2
Your hands tingle!
C - the +9 scimitar of Punishment (weapon)
{speed, rCorr} You closely miss the water moccasin.
The water moccasin is moderately wounded.
The water moccasin bites you but does no damage.
The water moccasin completely misses you.
You slice the water moccasin!!
The water moccasin is almost dead.
The water moccasin bites you.
* * * LOW HITPOINT WARNING * * *
You slash the water moccasin!
You kill the water moccasin!
Okawaru accepts your kill.
You are no longer teleporting projectiles to their destination.
Your Earth Magic skill increases to level 1!
You hit the orc.
The orc is almost dead.
You slash the orc!
You kill the orc!
Okawaru accepts your kill.
You closely miss the orc.
The orc is almost dead.
The orc hits you with a +0 whip.
* * * LOW HITPOINT WARNING * * *
You hit the orc.
You kill the orc!
You slash the phantom! Your punch misses the phantom.
The phantom is heavily damaged.
The phantom hits you but does no damage.
The phantom attacks as you move away! The phantom closely misses you.
You slice the phantom!!
You destroy the phantom!
Okawaru accepts your kill.
The orc priest invokes the aid of Beogh against you.
Beogh smites you!
You die...

..#. ....######
........#
#o####.######
######
#.F.@.......#
#.....
######.####.#
#.....
#....#.####.....
#.........#.....
..........#.....
.........####.
.........##...
.........#..##
...........##


You could see a bullfrog and an orc priest.

Vanquished Creatures
  Pikel (D:5)
  Grinder (D:4)
  Duvessa (D:6)
  2 black bears
  A water moccasin (D:6)
  2 ogres (D:5)
  A lemure (D:5)
  A phantom (D:6)
  A gnoll sergeant (D:6)
  A scorpion (D:5)
  Dowan (D:6)
  3 jellies
  A gnoll bouda (D:5)
  3 orc wizards
  3 iguanas
  3 adders
  14 gnolls
  An ufetubus (D:5)
  A worm (D:2)
  A dart slug (D:1)
  7 orcs
  11 endoplasms
  2 giant cockroaches
  5 goblins
  8 hobgoblins
  3 jackals (D:2)
  6 kobolds
  4 quokkas
  2 ball pythons (D:2)
  8 bats
  4 frilled lizards
  8 rats
111 creatures vanquished.

Notes
Turn   | Place    | Note
-------+----------+-------------------------------------------
     0 | D:1      | bwicke the Kobold Arcane Marksman began the quest for the
                  | Orb.
     0 | D:1      | Reached XP level 1. HP: 12/12 MP: 2/2
   101 | D:1      | Reached XP level 2. HP: 16/16 MP: 3/3
   426 | D:1      | Reached XP level 3. HP: 10/20 MP: 2/4
  1645 | D:2      | Found a faded altar of an unknown god.
  1668 | D:2      | Reached skill level 5 in Ranged Weapons
  1946 | D:2      | Reached XP level 4. HP: 9/25 MP: 5/5
  3026 | D:3      | Found Eskeli's Distillery.
  3033 | D:3      | Bought a potion of might for 40 gold pieces
  3044 | D:3      | Reached XP level 5. HP: 29/29 MP: 6/6
  3639 | D:4      | Noticed Grinder
  3642 | D:4      | Noticed a black bear
  3643 | D:4      | Paralysed by Grinder for 4 turns
  3936 | D:4      | Found Ycwi's Jewellery Shoppe.
  3937 | D:4      | Identified the +10 mace "Bolueq" {freeze, rElec Stlth+}
  4008 | D:4      | Identified the +9 scimitar of Punishment {speed, rCorr}
  4068 | D:4      | Reached XP level 6. HP: 4/34 MP: 7/7
  4146 | D:4      | Killed Grinder
  4147 | D:4      | Reached skill level 5 in Hexes
  4147 | D:4      | Reached XP level 7. HP: 14/38 MP: 8/8
  4152 | D:4      | Learned a level 3 spell: Inner Flame
  4791 | D:4      | Found a sparkling altar of Nemelex Xobeh.
  4994 | D:5      | Entered Level 5 of the Dungeon
  5073 | D:5      | Reached skill level 6 in Hexes
  5502 | D:5      | Noticed Pikel
  5549 | D:5      | Killed Pikel
  5550 | D:5      | Reached skill level 8 in Hexes
  5550 | D:5      | Reached XP level 8. HP: 24/43 MP: 9/9
  5716 | D:5      | Reached skill level 1 in Fire Magic
  6020 | D:5      | Found a radiant altar of Vehumet.
  6074 | D:5      | Identified the +5 tower shield of Getoti {rElec rF+ Dex+3}
  6113 | D:5      | Reached XP level 9. HP: 43/47 MP: 6/10
  6327 | D:5      | Found a stormy altar of Qazlal.
  6336 | D:5      | Found an iron altar of Okawaru.
  6346 | D:5      | Became a worshipper of Warmaster Okawaru
  6419 | D:5      | Found a shimmering blue altar of Sif Muna.
  6428 | D:5      | Found a hazy altar of Hepliaklqana.
  6491 | D:5      | Reached skill level 1 in Translocations
  6761 | D:6      | Learned a level 3 spell: Portal Projectile
  6777 | D:6      | Noticed Duvessa
  6792 | D:6      | Killed Duvessa
  6808 | D:6      | Noticed Dowan
  7076 | D:6      | Killed Dowan
  7251 | D:6      | Reached skill level 1 in Earth Magic
  7257 | D:6      | Killed from afar by an orc priest

Illustrated notes

Levels and vault maps discovered:
D:1:      elethiomel_arrival_infinity_welcomes_careful_drivers, layout_basic
D:2:      layout_basic, shapermc_ecumenical_altar_starsandcircs,
          roderic_lattice_a, kennysheep_potato
D:3:      layout_loops_ring, serial_shops, nicolae_shop_behind_doors,
          corexii_leaking_fountain
D:4:      layout_rooms, amcnicky_altar_gilded, serial_shops,
          nicolae_stop_n_shop_2, uniq_grinder
D:5:      layout_basic, kennysheep_mini, grunt_temple_overflow_cloverleaf,
          uniq_pikel
D:6:      layout_basic, lemuel_doored_altar, uniq_duvessa, uniq_prince_ribbit1

Skill      XL: |  1  2  3  4  5  6  7  8  9 |
---------------+----------------------------+-----
Ranged Weapons | 3 4 5 6 7 |  7.3
Hexes          | 5 8 |  8.4
Fire Magic     | 4 |  4.2
Translocations | 4 |  4.2
Earth Magic    | 1 |  1.8
Fighting       | |  1.1
Dodging        | |  2.4
Spellcasting   | |  1.1

Action                   |  1- 3 |  4- 6 |  7- 9 || total
-------------------------+-------+-------+-------++-------
Melee: Scimitar          |       |    13 |    59 ||    72
 Fire: Sling             |    88 |   101 |   115 ||   304
 Cast: Slow              |     2 |     6 |     1 ||     9
       Inner Flame       |       |       |     4 ||     4
       Portal Projectile |       |       |     3 ||     3
  Use: Scroll            |     2 |     8 |     5 ||    15
       Potion            |       |     2 |     1 ||     3
 Stab: Sleeping          |       |       |     1 ||     1
       Distracted        |       |       |     1 ||     1
Armor: Robe              |     7 |    10 |    18 ||    35
Dodge: Dodged            |    57 |    44 |    88 ||   189
